Map: Frozen Temple

Players

Flice

  • Race: Terran Terran
  • League: Gold
  • Spawn Location: 11:00

Fropez - Winner!

  • Race: Protoss Protoss
  • League: Silver
  • Spawn Location: 5:00

VOD

Have the link to the VOD?

Description

Time

  • Played on: July 11, 2016, 1:32 p.m.
  • Length: 1:39
Show
View Real Time Build Order
Export as new Build Order

Flice Terran 

Build Orders: Command Center First (CC) 

Get SALT Encoding   

  12  0:02  SCV  
  13  0:14  SCV  
  13  0:19  Supply Depot  
  14  0:26  SCV  
  15  0:41  SCV  
  16  0:45  Refinery  
  16  0:53  SCV  
  17  1:12  Command Center  
  17  1:25  Barracks  
Show
View Real Time Build Order
Export as new Build Order

Fropez Protoss - Winner!

Build Orders: Nexus First 

Get SALT Encoding   

  12  0:01  Probe (Chrono Boost)  
  13  0:13  Probe (Chrono Boost)  
  14  0:42  Nexus  
  14  0:48  Probe (Chrono Boost)  
  15  1:04  Pylon  
  15  1:12  Assimilator  
  15  1:17  Assimilator  
  15  1:25  Pylon  
  15  1:27  Gateway  
Tags
 
Add a new tag
Caveats
  • Supply blocks, unpowered buildings, or Contaminate may cause inaccurate times.
  • Supply counts are checked every 10 seconds.